 Dungeon Crawl Stone Soup version 0.26.1-11-gd32895ea62 (webtiles) character file.

Game seed: 10785214683733013485

81 Zeld the Twirler (level 4, 21/29 HPs)
             Began as an Octopode Gladiator on May 23, 2021.
             Quit the game on level 2 of the Dungeon.
             The game lasted 00:01:51 (1640 turns).

Zeld the Twirler (Octopode Gladiator)               Turns: 1640, Time: 00:01:52

Health: 21/29      AC:  1    Str: 14    XL:     4   Next: 42%
Magic:  4/4        EV: 14    Int: 12    God:
Gold:   88         SH:  0    Dex: 13    Spells: 3/3 levels left

rFire    . . .     SeeInvis .   a - +0 quarterstaff
rCold    . . .     Faith    .   (shield currently unavailable)
rNeg     . . .     Spirit   .   b - +0 hat
rPois    .         Reflect  .   (no amulet)
rElec    .         Harm     .   (no ring)
rCorr    .         Rampage  .   (no ring)
Will     +....                  (no ring)
Stlth    ++........             (no ring)
HPRegen  0.09/turn              (no ring)
MPRegen  0.09/turn              (no ring)
                                (no ring)
                                (no ring)

@: no status effects
A: almost no armour, stealthy swim, amphibious, 8 rings, constrict 8, tentacle
spike 1, camouflage 1, clever 1, strong-willed 1, gelatinous body 1, evolution 1
a: no special abilities


You were on level 2 of the Dungeon.
You visited 1 branch of the dungeon, and saw 2 of its levels.

You collected 88 gold pieces.

Inventory:

Hand Weapons
 a - a +0 quarterstaff (weapon)
Missiles
 c - 3 throwing nets (quivered)
Armour
 b - a +0 hat (worn)
Scrolls
 d - 4 scrolls of identify {unknown}
 f - 3 scrolls of teleportation {unknown}
 g - a scroll of amnesia {unknown}
 i - a scroll of enchant armour {unknown}
 k - a scroll of magic mapping {unknown}
 n - 2 scrolls of remove curse {unknown}
Potions
 e - a potion of berserk rage {unknown}
 h - a potion of lignification {unknown}
 j - a potion of might {unknown}
 l - a potion of brilliance {unknown}
 m - a potion of haste {unknown}
 o - a potion of curing


   Skills:
 - Level 2.0 Fighting
 * Level 5.1 Staves
 - Level 2.0 Throwing
 - Level 3.0 Dodging


You had 3 spell levels left.
You didn't know any spells.
Your spell library was empty.

Dungeon Overview and Level Annotations

Branches:
Dungeon (2/15)

Altars:
Cheibriados
Makhleb


Innate Abilities, Weirdness & Mutations

You cannot wear most types of armour.
You are very stealthy in the water. (Stealth+)
You are amphibious.
You can wear up to eight rings at the same time.
You can use your tentacles to constrict eight enemies at once.
Your skin changes colour to match your surroundings (Stealth+).
Your rubbery body absorbs attacks. (AC +1, EV +1)
One of your tentacles bears a spike.
Your mind is acute. (Int +2)
You are strong-willed. (Will+)
You evolve.


Message History

You see here 18 stones.
An adder comes into view.
You see here a kite shield.
An adder is nearby!
An adder is nearby!
An adder is nearby!
An adder is nearby!
An adder is nearby!
An adder is nearby!
The helpless adder fails to defend itself.
You hit the adder. Your grab misses the adder.
The adder is severely wounded.
The adder bites you. x2
An adder is nearby!
An adder is nearby!
You hit the adder. Your grab misses the adder.
Your tentacle spike misses the adder.
You squeeze the adder.
You kill the adder!
No target in view!
Are you sure you want to abandon this character and quit the game? (Confirm with "yes".)

#..........#####.#
#.# #......
#.########.#
#.###.###..###. #.#
#..........###. #.#
#######..##.##.
#.##########.#####.#.
#.##.........# #.#.
#.##.#######.## ##.#.
#.##†# ##.###.###
###.##@# ##....#
#...##.# ##>#.###
#.####.# #.#.... #.#
#.# #.##### #.# #.#
#.# ## #.# #[# #.# #.
#.####.####### #.# #.
#.....(...[... ..# #
########.##<#######
#.


There were no monsters in sight!

Vanquished Creatures
  5 adders (D:2)
  An ooze (D:1)
  A dart slug (D:1)
  2 leopard geckos
  A ball python (D:2)
  3 giant cockroaches
  A goblin (D:2)
  3 hobgoblins
  2 jackals (D:2)
  3 bats
  3 frilled lizards
  4 kobolds
  2 rats (D:1)
31 creatures vanquished.

Notes
Turn   | Place    | Note
-------+----------+-------------------------------------------
     0 | D:1      | Zeld the Octopode Gladiator began the quest for the Orb.
     0 | D:1      | Reached XP level 1. HP: 14/14 MP: 1/1
   290 | D:1      | Reached XP level 2. HP: 19/19 MP: 2/2
   835 | D:2      | Found a burning altar of Makhleb.
   846 | D:2      | Reached skill level 4 in Staves
   908 | D:2      | Reached XP level 3. HP: 21/24 MP: 3/3
   997 | D:2      | Found a snail-covered altar of Cheibriados.
  1158 | D:2      | Gained mutation: You are strong-willed. (Will+) [potion of
                  | mutation]
  1158 | D:2      | Gained mutation: Your mind is acute. (Int +2) [potion of
                  | mutation]
  1158 | D:2      | Gained mutation: You evolve. [potion of mutation]
  1158 | D:2      | Gained mutation: One of your tentacles bears a spike.
                  | [potion of mutation]
  1158 | D:2      | HP: 1/24 [kobold (2)]
  1173 | D:2      | Reached XP level 4. HP: 10/29 MP: 4/4
  1598 | D:2      | Reached skill level 5 in Staves
  1640 | D:2      | Quit the game

Illustrated notes

Levels and vault maps discovered:
D:1:      grunt_arrival_crossed_arrows, layout_basic, hex_intersection
D:2:      layout_loops_ring, lemuel_doored_altar, cheibriados_altar_1

Skill      XL: |  1  2  3  4 |
---------------+-------------+-----
Staves         | 4 5 |  5.1
Fighting       | |  2.0
Throwing       | |  2.0
Dodging        | |  3.0

Action                   |  1- 3 |  4- 6 || total
-------------------------+-------+-------++-------
Melee: Quarterstaff      |    64 |     6 ||    70
       Constrict         |    16 |     1 ||    17
       Tentacles         |     9 |     2 ||    11
       Kick              |       |     1 ||     1
  Use: Potion            |     2 |       ||     2
 Stab: Sleeping          |     6 |     3 ||     9
Armor: Skin              |     6 |       ||     6
Dodge: Dodged            |    47 |       ||    47
